Canucks vs Devils

Created - 16 février 2019 at 22:02

Goals
1 2 3 OT1 T
Canucks 2 1 1 1 5
Devils 4 0 0 0 4
Shots
1 2 3 OT1 T
Canucks 8 13 12 2 35
Devils 23 4 17 0 44

1st period

1. Canucks , Evgeny Kuznetsov 19 (Alex Pietrangelo 32, Braden Holtby) at 4:04 (PP)
2. Canucks , Mike Hoffman 16 (Brayden Point 26, Erik Karlsson 36) at 7:59
3. Devils , Jordan Staal 14 (Shayne Gostisbehere 39, Pavel Zacha 13) at 8:30
4. Devils , Darren Helm 11 (Brooks Orpik 6, Bo Horvat 28) at 11:05
5. Devils , Anton Stralman 3 (Sam Reinhart 16, Shayne Gostisbehere 40) at 12:46
6. Devils , Dustin Brown 27 (Nicklas Backstrom 38, Shayne Gostisbehere 41) at 19:15 (PP)

Penalties :
Justin Schultz (NJD) for Holding (Minor) at 3:48, Dustin Brown (NJD) for Fighting (Major) at 12:21, Aaron Ekblad (VAN) for Fighting (Major) at 12:21, Erik Karlsson (VAN) for Tripping (Minor) at 13:00, Alex Pietrangelo (VAN) for Interference (Minor) at 18:43

2nd period

7. Canucks , Alex Pietrangelo 8 (Charlie Coyle 17, William Karlsson 22) at 8:28

Penalties :
Vinnie Hinostroza (NJD) for Tripping (Minor) at 4:27, Brooks Orpik (NJD) for Roughing (Minor) at 10:34, Nicklas Backstrom (NJD) for Slashing (Minor) at 16:41

3rd period

8. Canucks , Jared McCann 2 (Bobby Ryan 10, Tyson Barrie 30) at 2:05

Penalties :
Evgeny Kuznetsov (VAN) for Interference (Minor) at 14:27, Dustin Brown (NJD) for Tripping (Minor) at 18:29, Brandon Montour (VAN) for Tripping (Minor) at 18:29

Overtime #1

9. Canucks , Chris Kreider 8 (Tyson Barrie 31, Braden Holtby) at 1:09

Penalties :
No Penalty

Goalie Stats

Braden Holtby (VAN), 40 saves from 44 shots - (0.909), W, 23-21-2, 61:10 minutes
Marc-Andre Fleury (NJD), 30 saves from 35 shots - (0.857), OTL, 27-22-3, 61:10 minutes

Players Stats for Canucks

Player Name              G  A  P  +/- PIM S  H  SB GA TA FO     MP     PP MP  PK MP  
------------------------------------------------------------------------------------
Aaron Ekblad             0  0  0   1  5   2  1  0  0  0  0/0    19:46   2:58   1:41 
Alex Pietrangelo         1  1  2   1  2   2  0  2  0  0  0/0    23:57   2:58   2:44 
Anthony Beauvillier      0  0  0   0  0   1  1  0  0  0  0/0    11:11   0:00   0:22 
Blake Coleman            0  0  0   0  0   4  3  0  0  0  7/21   14:12   0:00   3:23 
Bobby Ryan               0  1  1   1  0   0  0  0  0  0  0/0     6:42   0:00   0:00 
Brandon Montour          0  0  0   0  2   1  2  0  0  0  0/0    16:00   0:00   2:59 
Brayden Point            0  1  1  -2  0   3  1  0  0  0  1/1    21:07   3:44   0:00 
Charlie Coyle            0  1  1   1  0   2  1  0  0  0  0/1    17:40   2:29   0:45 
Chris Kreider            1  0  1   2  0   2  6  0  0  0  0/2    17:17   2:29   0:00 
Danton Heinen            0  0  0   0  0   4  0  0  0  0  1/2    10:49   0:00   0:00 
Erik Karlsson            0  1  1  -1  2   1  1  2  0  0  0/0    25:31   3:15   0:50 
Evgeny Kuznetsov         1  0  1  -1  2   2  4  0  0  0  11/28  20:40   3:44   0:00 
Jared McCann             1  0  1   1  0   2  0  0  0  0  5/12    7:27   0:00   0:45 
Mike Hoffman             1  0  1  -2  0   5  2  0  0  0  1/3    21:07   3:44   0:00 
Tom Wilson               0  0  0   1  0   0  0  0  0  0  0/4    10:27   0:00   3:45 
Tyson Barrie             0  2  2   0  0   1  4  1  0  0  0/0    23:32   3:15   0:46 
Vince Dunn               0  0  0   0  0   1  1  1  0  0  0/0    12:20   0:00   0:00 
William Karlsson         0  1  1   1  0   2  1  0  0  0  9/21   17:40   2:29   0:00 

Players Stats for Devils

Player Name              G  A  P  +/- PIM S  H  SB GA TA FO     MP     PP MP  PK MP  
------------------------------------------------------------------------------------
Antoine Vermette         0  0  0  -1  0   3  0  0  0  0  8/14    9:09   1:09   0:00 
Anton Stralman           1  0  1   1  0   3  1  0  0  0  0/0    24:04   2:54   3:53 
Bo Horvat                0  1  1   2  0   3  0  0  0  0  11/14  22:25   1:36   4:29 
Brooks Orpik             0  1  1  -1  2   2  0  1  0  0  0/0    14:44   0:00   0:00 
Darren Helm              1  0  1   2  0   7  1  0  0  0  1/2    16:17   1:36   0:49 
Dustin Brown             1  0  1  -2  7   5  1  0  0  0  3/4    19:00   1:45   0:47 
Eric Fehr                0  0  0   0  0   3  1  0  0  0  4/7    12:55   0:00   2:58 
Jordan Staal             1  0  1  -1  0   3  2  0  0  0  6/11   11:54   0:00   1:45 
Justin Schultz           0  0  0  -1  2   0  1  1  0  0  0/0    21:22   1:36   2:20 
Kevin Hayes              0  0  0  -1  0   4  0  1  0  0  0/1    20:25   2:54   0:00 
Mike Cammalleri          0  0  0  -1  0   2  1  1  0  0  0/0     6:27   0:00   0:00 
Nicklas Backstrom        0  1  1  -1  2   4  1  1  0  0  26/41  24:10   2:54   1:38 
Pavel Zacha              0  1  1   0  0   3  0  0  0  0  1/1     9:57   0:00   0:00 
Ryan Pulock              0  0  0  -1  0   0  6  1  0  0  0/0    20:04   1:36   2:20 
Sam Reinhart             0  1  1   2  0   2  1  0  0  0  0/0    15:28   1:36   0:00 
Shayne Gostisbehere      0  3  3   2  0   0  0  1  0  0  0/0    26:09   2:54   3:53 
Tim Heed                 0  0  0  -1  0   0  0  2  0  0  0/0    14:45   0:00   0:00 
Vinnie Hinostroza        0  0  0  -1  2   0  0  0  0  0  0/0     6:26   0:00   0:00 

3 Stars

1 - Chris Kreider (VAN)
2 - Shayne Gostisbehere (NJD)
3 - Tyson Barrie (VAN)

Power Play

Canucks - 1 on 4 Attempt(s) - 25.00%
Devils - 1 on 3 Attempt(s) - 33.33%

Penalty Kill

Canucks - 2 on 3 Attempt(s) - 66.67% - Score 0 goal in Penalty Kill
Devils - 3 on 4 Attempt(s) - 75.00% - Score 0 goal in Penalty Kill

Team Stat

Canucks - Hits : 28 - Faceoff Wins : 35 - Blocked Shots : 6 - Penalty Minutes : 13
Devils - Hits : 16 - Faceoff Wins : 60 - Blocked Shots : 9 - Penalty Minutes : 15

Official

Referees : Dennis LaRue and Dean Morton
Linesman : Shane Heyer and Shandor Alphonso

Game Notes

Dustin Brown and Aaron Ekblad fight to a draw at 12:21 of 1st period

Finance

Level 1 -- Attendance: 6000 (100.00%) -- Ticket Income 672 000 $
Level 2 -- Attendance: 4834 (96.68%) -- Ticket Income 391 554 $
Level 3 -- Attendance: 1996 (99.80%) -- Ticket Income 159 680 $
Level 4 -- Attendance: 3083 (85.05%) -- Ticket Income 46 245 $
Luxury Box -- Attendance: 894 (89.40%) -- Ticket Income 174 330 $
Game was played at the Prudential Center.
Total Attendance: 16807 (95.36%)
Total Ticket Income: 1 443 809 $
Other Income: 707 466 $
Total Income: 2 151 275 $

% Time on Ice - Canucks

Lines # - Real PCT - Wanted PCT - Time Play
Normal Forward
1 - 33% - 35% - 15:50
2 - 30% - 33% - 14:26
3 - 23% - 20% - 10:49
4 - 14% - 12% - 6:42
Normal Defense
1 - 38% - 42% - 17:56
2 - 34% - 36% - 16:27
3 - 25% - 22% - 12:06
4 - 3% - 0% - 1:18
PP Forward
1 - 60% - 60% - 3:44
2 - 40% - 40% - 2:29
PP Defense
1 - 52% - 60% - 3:15
2 - 48% - 40% - 2:58
PK Forward
1 - 83% - 60% - 3:45
2 - 17% - 40% - 0:45
PK Defense
1 - 70% - 60% - 3:10
2 - 30% - 40% - 1:20
PK3 Forward
1 - 0% - 50%
2 - 0% - 50%
PK3 Defense
1 - 0% - 50%
2 - 0% - 50%
44 Forward
1 - 50% - 50% - 0:45
2 - 50% - 50% - 0:45
44 Defense
1 - 50% - 60% - 0:45
2 - 50% - 40% - 0:45
Last Minute Offensive  - 0:00
Last Minute Defensive  - 0:00
Total
Forward - 60:00
Defense - 60:00

% Time on Ice - Devils

Lines # - Real PCT - Wanted PCT - Time Play
Normal Forward
1 - 37% - 40% - 17:31
2 - 29% - 30% - 13:52
3 - 21% - 20% - 9:57
4 - 13% - 10% - 6:27
Normal Defense
1 - 34% - 40% - 16:20
2 - 32% - 30% - 15:23
3 - 31% - 20% - 14:45
4 - 3% - 10% - 1:19
PP Forward
1 - 64% - 60% - 2:54
2 - 36% - 40% - 1:36
PP Defense
1 - 64% - 60% - 2:54
2 - 36% - 40% - 1:36
PK Forward
1 - 87% - 60% - 5:26
2 - 13% - 40% - 0:47
PK Defense
1 - 62% - 60% - 3:53
2 - 38% - 40% - 2:20
PK3 Forward
1 - 0% - 60%
2 - 0% - 40%
PK3 Defense
1 - 0% - 60%
2 - 0% - 40%
44 Forward
1 - 100% - 60% - 1:30
2 - 0% - 40% - 0:00
44 Defense
1 - 50% - 60% - 0:45
2 - 50% - 40% - 0:45
Last Minute Offensive  - 0:00
Last Minute Defensive  - 0:00
Total
Forward - 60:00
Defense - 60:00

Play-by-Play

1st period


0:01 of 1st period - Nicklas Backstrom wins face-off versus Mike Hoffman in neutral zone.
0:30 of 1st period - Brayden Point is hit by Anton Stralman and loses puck.
1:37 of 1st period - Pavel Zacha is hit by Chris Kreider and loses puck.
1:56 of 1st period - Shot by Eric Fehr.
1:56 of 1st period - Stopped by Braden Holtby with a rebound.
1:58 of 1st period - Shot by Brooks Orpik.
1:58 of 1st period - Stopped by Braden Holtby without a rebound.
1:59 of 1st period - Antoine Vermette wins face-off versus Blake Coleman in Canucks zone.
2:02 of 1st period - Shot by Mike Cammalleri.
2:02 of 1st period - Stopped by Braden Holtby without a rebound.
2:03 of 1st period - Antoine Vermette wins face-off versus Blake Coleman in Canucks zone.
2:35 of 1st period - Vinnie Hinostroza is hit by Brandon Montour and loses puck.
3:40 of 1st period - Jared McCann is hit by Ryan Pulock and loses puck.
3:48 of 1st period - Minor Penalty to Justin Schultz for Holding.
3:49 of 1st period - Evgeny Kuznetsov wins face-off versus Eric Fehr in Devils zone.
4:04 of 1st period - Shot by Evgeny Kuznetsov.
4:04 of 1st period - Goal by Evgeny Kuznetsov - Canucks : 1 - Devils : 0.
4:05 of 1st period - William Karlsson wins face-off versus Antoine Vermette in neutral zone.
4:14 of 1st period - Shot by Vinnie Hinostroza.
4:14 of 1st period - Shot Misses the Net.
4:52 of 1st period - Mike Cammalleri is hit by Aaron Ekblad and loses puck.
5:01 of 1st period - Brooks Orpik is hit by Chris Kreider and loses puck.
5:09 of 1st period - Icing by Brooks Orpik.
5:10 of 1st period - Antoine Vermette wins face-off versus Evgeny Kuznetsov in Devils zone.
5:50 of 1st period - Shot by Evgeny Kuznetsov.
5:50 of 1st period - Stopped by Marc-Andre Fleury without a rebound.
5:51 of 1st period - Jordan Staal wins face-off versus Blake Coleman in Devils zone.
6:05 of 1st period - Shot by Jordan Staal.
6:05 of 1st period - Stopped by Braden Holtby without a rebound.
6:06 of 1st period - Bo Horvat wins face-off versus Jared McCann in Canucks zone.
6:29 of 1st period - Shot by Jared McCann.
6:29 of 1st period - Stopped by Marc-Andre Fleury without a rebound.
6:30 of 1st period - Dustin Brown wins face-off versus Evgeny Kuznetsov in Devils zone.
6:32 of 1st period - Icing by Nicklas Backstrom.
6:33 of 1st period - Evgeny Kuznetsov wins face-off versus Nicklas Backstrom in Devils zone.
6:44 of 1st period - Shot by Dustin Brown.
6:44 of 1st period - Shot Misses the Net.
6:46 of 1st period - Shot by Kevin Hayes.
6:46 of 1st period - Stopped by Braden Holtby without a rebound.
6:47 of 1st period - Bo Horvat wins face-off versus William Karlsson in Canucks zone.
7:00 of 1st period - Alex Pietrangelo is hit by Sam Reinhart and loses puck.
7:06 of 1st period - Icing by Alex Pietrangelo.
7:07 of 1st period - Nicklas Backstrom wins face-off versus Chris Kreider in Canucks zone.
7:08 of 1st period - Shot by Dustin Brown.
7:08 of 1st period - Shot Misses the Net.
7:59 of 1st period - Shot by Mike Hoffman.
7:59 of 1st period - Goal by Mike Hoffman - Canucks : 2 - Devils : 0.
8:00 of 1st period - Blake Coleman wins face-off versus Jordan Staal in neutral zone.
8:03 of 1st period - Anton Stralman is hit by Blake Coleman.
8:06 of 1st period - Icing by Shayne Gostisbehere.
8:07 of 1st period - Jordan Staal wins face-off versus Evgeny Kuznetsov in Devils zone.
8:30 of 1st period - Shot by Jordan Staal.
8:30 of 1st period - Goal by Jordan Staal - Canucks : 2 - Devils : 1.
8:31 of 1st period - Bo Horvat wins face-off versus Danton Heinen in neutral zone.
9:32 of 1st period - Shayne Gostisbehere is hit by Evgeny Kuznetsov and loses puck.
9:50 of 1st period - Icing by Shayne Gostisbehere.
9:51 of 1st period - Nicklas Backstrom wins face-off versus William Karlsson in Devils zone.
10:05 of 1st period - Shot by Dustin Brown.
10:05 of 1st period - Shot Misses the Net.
10:07 of 1st period - Shot by Dustin Brown.
10:07 of 1st period - Stopped by Braden Holtby without a rebound.
10:08 of 1st period - Jordan Staal wins face-off versus Jared McCann in Canucks zone.
10:43 of 1st period - Off-side.
10:44 of 1st period - Bo Horvat wins face-off versus Evgeny Kuznetsov in neutral zone.
10:59 of 1st period - Shot by Darren Helm.
10:59 of 1st period - Stopped by Braden Holtby with a rebound.
11:01 of 1st period - Shot by Brooks Orpik.
11:01 of 1st period - Shot Blocked by Tyson Barrie.
11:05 of 1st period - Shot by Darren Helm.
11:05 of 1st period - Goal by Darren Helm - Canucks : 2 - Devils : 2.
11:06 of 1st period - William Karlsson wins face-off versus Nicklas Backstrom in neutral zone.
11:11 of 1st period - Shot by William Karlsson.
11:11 of 1st period - Shot Hit the Post.
11:13 of 1st period - Shot by William Karlsson.
11:13 of 1st period - Stopped by Marc-Andre Fleury without a rebound.
11:14 of 1st period - William Karlsson wins face-off versus Nicklas Backstrom in Devils zone.
11:14 of 1st period - William Karlsson is hit by Ryan Pulock.
11:26 of 1st period - Shot by Nicklas Backstrom.
11:26 of 1st period - Stopped by Braden Holtby with a rebound.
11:36 of 1st period - Icing by Dustin Brown.
11:37 of 1st period - Nicklas Backstrom wins face-off versus Evgeny Kuznetsov in Devils zone.
11:56 of 1st period - Shot by Mike Hoffman.
11:56 of 1st period - Shot Blocked by Ryan Pulock.
12:01 of 1st period - Icing by Justin Schultz.
12:02 of 1st period - Nicklas Backstrom wins face-off versus Blake Coleman in Devils zone.
12:04 of 1st period - Icing by Kevin Hayes.
12:05 of 1st period - Blake Coleman wins face-off versus Nicklas Backstrom in Devils zone.
12:05 of 1st period - Alex Pietrangelo is hit by Ryan Pulock and loses puck.
12:15 of 1st period - Nicklas Backstrom is hit by Blake Coleman.
12:21 of 1st period - Dustin Brown and Aaron Ekblad fight to a draw.
12:21 of 1st period - Penalty to Dustin Brown for Fighting.
12:21 of 1st period - Penalty to Aaron Ekblad for Fighting.
12:22 of 1st period - Bo Horvat wins face-off versus Evgeny Kuznetsov in Canucks zone.
12:22 of 1st period - Bo Horvat is hit by Tyson Barrie.
12:44 of 1st period - Shot by Sam Reinhart.
12:44 of 1st period - Stopped by Braden Holtby with a rebound.
12:46 of 1st period - Shot by Anton Stralman.
12:46 of 1st period - Goal by Anton Stralman - Canucks : 2 - Devils : 3.
12:47 of 1st period - Pavel Zacha wins face-off versus William Karlsson in neutral zone.
12:47 of 1st period - Pavel Zacha is hit by Chris Kreider.
13:00 of 1st period - Minor Penalty to Erik Karlsson for Tripping.
13:01 of 1st period - Blake Coleman wins face-off versus Nicklas Backstrom in Canucks zone.
13:18 of 1st period - Alex Pietrangelo is hit by Nicklas Backstrom and loses puck.
13:28 of 1st period - Icing by Anton Stralman.
13:29 of 1st period - Nicklas Backstrom wins face-off versus Blake Coleman in Devils zone.
13:38 of 1st period - Shot by Shayne Gostisbehere.
13:38 of 1st period - Shot Misses the Net.
13:40 of 1st period - Shot by Antoine Vermette.
13:40 of 1st period - Stopped by Braden Holtby with a rebound.
13:42 of 1st period - Shot by Anton Stralman.
13:42 of 1st period - Stopped by Braden Holtby without a rebound.
13:43 of 1st period - Bo Horvat wins face-off versus Blake Coleman in Canucks zone.
13:56 of 1st period - Shot by Bo Horvat.
13:56 of 1st period - Shot Misses the Net.
13:58 of 1st period - Shot by Darren Helm.
13:58 of 1st period - Stopped by Braden Holtby without a rebound.
13:59 of 1st period - Jared McCann wins face-off versus Nicklas Backstrom in Canucks zone.
14:21 of 1st period - Shot by Nicklas Backstrom.
14:21 of 1st period - Deflect By Kevin Hayes.
14:21 of 1st period - Shot Misses the Net.
14:25 of 1st period - Shot by Nicklas Backstrom.
14:25 of 1st period - Deflect By Kevin Hayes.
14:25 of 1st period - Stopped by Braden Holtby without a rebound.
14:26 of 1st period - Darren Helm wins face-off versus Blake Coleman in Canucks zone.
15:00 of 1st period - Bo Horvat is hit by Evgeny Kuznetsov and loses puck.
15:11 of 1st period - Shot by Mike Hoffman.
15:11 of 1st period - Stopped by Marc-Andre Fleury without a rebound.
15:12 of 1st period - Nicklas Backstrom wins face-off versus William Karlsson in Devils zone.
15:28 of 1st period - Shot by Charlie Coyle.
15:28 of 1st period - Shot Misses the Net.
15:42 of 1st period - Antoine Vermette is hit by Chris Kreider.
16:23 of 1st period - Pavel Zacha is hit by Brandon Montour and loses puck.
16:34 of 1st period - Shot by Jordan Staal.
16:34 of 1st period - Stopped by Braden Holtby with a rebound.
16:36 of 1st period - Shot by Pavel Zacha.
16:36 of 1st period - Stopped by Braden Holtby with a rebound.
16:50 of 1st period - Shot by Darren Helm.
16:50 of 1st period - Stopped by Braden Holtby with a rebound.
17:14 of 1st period - Shot by Darren Helm.
17:14 of 1st period - Stopped by Braden Holtby without a rebound.
17:15 of 1st period - Nicklas Backstrom wins face-off versus Tom Wilson in Canucks zone.
17:38 of 1st period - Shot by Tom Wilson.
17:38 of 1st period - Shot Misses the Net.
17:40 of 1st period - Shot by Tyson Barrie.
17:40 of 1st period - Shot Blocked by Shayne Gostisbehere.
17:42 of 1st period - Shot by Alex Pietrangelo.
17:42 of 1st period - Stopped by Marc-Andre Fleury without a rebound.
17:43 of 1st period - Eric Fehr wins face-off versus William Karlsson in Devils zone.
17:43 of 1st period - Eric Fehr is hit by Chris Kreider.
17:53 of 1st period - Shot by Pavel Zacha.
17:53 of 1st period - Shot Misses the Net.
17:55 of 1st period - Shot by Eric Fehr.
17:55 of 1st period - Stopped by Braden Holtby without a rebound.
17:56 of 1st period - Blake Coleman wins face-off versus Darren Helm in Canucks zone.
18:03 of 1st period - Shot by Danton Heinen.
18:03 of 1st period - Stopped by Marc-Andre Fleury with a rebound.
18:13 of 1st period - Shot by Sam Reinhart.
18:13 of 1st period - Shot Misses the Net.
18:30 of 1st period - Shot by Darren Helm.
18:30 of 1st period - Deflect By Sam Reinhart.
18:30 of 1st period - Stopped by Braden Holtby without a rebound.
18:31 of 1st period - Nicklas Backstrom wins face-off versus William Karlsson in Canucks zone.
18:43 of 1st period - Minor Penalty to Alex Pietrangelo for Interference.
18:44 of 1st period - Nicklas Backstrom wins face-off versus Tom Wilson in Canucks zone.
19:07 of 1st period - Shot by Nicklas Backstrom.
19:07 of 1st period - Deflect By Dustin Brown.
19:07 of 1st period - Shot Misses the Net.
19:15 of 1st period - Shot by Nicklas Backstrom.
19:15 of 1st period - Deflect By Dustin Brown.
19:15 of 1st period - Goal by Dustin Brown - Canucks : 2 - Devils : 4.
19:16 of 1st period - Bo Horvat wins face-off versus Evgeny Kuznetsov in neutral zone.
19:54 of 1st period - Shot by Sam Reinhart.
19:54 of 1st period - Shot Blocked by Erik Karlsson.
19:56 of 1st period - Shot by Bo Horvat.
19:56 of 1st period - Shot Misses the Net.
Goals for this period are 2 for Canucks vs 4 for Devils.
Shots for this period are 8 for Canucks vs 23 for Devils.

2nd period


0:01 of 2nd period - Nicklas Backstrom wins face-off versus William Karlsson in neutral zone.
0:09 of 2nd period - Icing by Tyson Barrie.
0:10 of 2nd period - Bo Horvat wins face-off versus William Karlsson in Canucks zone.
1:26 of 2nd period - Shot by Brayden Point.
1:26 of 2nd period - Shot Misses the Net.
2:08 of 2nd period - Shot by Danton Heinen.
2:08 of 2nd period - Stopped by Marc-Andre Fleury without a rebound.
2:09 of 2nd period - Jared McCann wins face-off versus Dustin Brown in Devils zone.
2:33 of 2nd period - Icing by Tyson Barrie.
2:34 of 2nd period - Jordan Staal wins face-off versus Jared McCann in Canucks zone.
3:11 of 2nd period - Shot by Pavel Zacha.
3:11 of 2nd period - Deflect By Jordan Staal.
3:11 of 2nd period - Shot Misses the Net.
3:13 of 2nd period - Shot by Pavel Zacha.
3:13 of 2nd period - Stopped by Braden Holtby without a rebound.
3:14 of 2nd period - Nicklas Backstrom wins face-off versus Evgeny Kuznetsov in Canucks zone.
3:34 of 2nd period - Evgeny Kuznetsov is hit by Ryan Pulock and loses puck.
3:47 of 2nd period - Shot by Mike Hoffman.
3:47 of 2nd period - Shot Blocked by Kevin Hayes.
3:49 of 2nd period - Shot by Mike Hoffman.
3:49 of 2nd period - Stopped by Marc-Andre Fleury without a rebound.
3:50 of 2nd period - Antoine Vermette wins face-off versus Chris Kreider in Devils zone.
4:20 of 2nd period - Icing by Brooks Orpik.
4:21 of 2nd period - Antoine Vermette wins face-off versus Blake Coleman in Devils zone.
4:27 of 2nd period - Minor Penalty to Vinnie Hinostroza for Tripping.
4:28 of 2nd period - Nicklas Backstrom wins face-off versus Mike Hoffman in Devils zone.
4:28 of 2nd period - Nicklas Backstrom is hit by Brayden Point.
4:50 of 2nd period - Shot by Erik Karlsson.
4:50 of 2nd period - Stopped by Marc-Andre Fleury with a rebound.
4:52 of 2nd period - Shot by Tyson Barrie.
4:52 of 2nd period - Shot Misses the Net.
4:54 of 2nd period - Shot by Mike Hoffman.
4:54 of 2nd period - Deflect By Evgeny Kuznetsov.
4:54 of 2nd period - Shot Misses the Net.
5:04 of 2nd period - Shot by Tyson Barrie.
5:04 of 2nd period - Shot Misses the Net.
5:06 of 2nd period - Shot by Erik Karlsson.
5:06 of 2nd period - Shot Misses the Net.
5:08 of 2nd period - Shot by Brayden Point.
5:08 of 2nd period - Shot Misses the Net.
5:10 of 2nd period - Shot by Evgeny Kuznetsov.
5:10 of 2nd period - Shot Blocked by Justin Schultz.
5:34 of 2nd period - Shot by Alex Pietrangelo.
5:34 of 2nd period - Shot Misses the Net.
5:46 of 2nd period - Shot by Charlie Coyle.
5:46 of 2nd period - Shot Misses the Net.
6:55 of 2nd period - Shot by Anthony Beauvillier.
6:55 of 2nd period - Deflect By Danton Heinen.
6:55 of 2nd period - Stopped by Marc-Andre Fleury without a rebound.
6:56 of 2nd period - Nicklas Backstrom wins face-off versus Jared McCann in Devils zone.
7:11 of 2nd period - Shot by Nicklas Backstrom.
7:11 of 2nd period - Stopped by Braden Holtby without a rebound.
7:12 of 2nd period - Evgeny Kuznetsov wins face-off versus Jordan Staal in Canucks zone.
7:18 of 2nd period - Icing by Brooks Orpik.
7:19 of 2nd period - Jordan Staal wins face-off versus Evgeny Kuznetsov in Devils zone.
7:44 of 2nd period - Pavel Zacha is hit by Evgeny Kuznetsov.
8:13 of 2nd period - Icing by Tim Heed.
8:14 of 2nd period - William Karlsson wins face-off versus Jordan Staal in Devils zone.
8:20 of 2nd period - Shot by William Karlsson.
8:20 of 2nd period - Shot Hit the Post.
8:22 of 2nd period - Shot by Alex Pietrangelo.
8:22 of 2nd period - Shot Blocked by Brooks Orpik.
8:24 of 2nd period - Shot by Charlie Coyle.
8:24 of 2nd period - Shot Misses the Net.
8:26 of 2nd period - Shot by Alex Pietrangelo.
8:26 of 2nd period - Shot Misses the Net.
8:28 of 2nd period - Shot by Alex Pietrangelo.
8:28 of 2nd period - Goal by Alex Pietrangelo - Canucks : 3 - Devils : 4.
8:29 of 2nd period - Danton Heinen wins face-off versus Nicklas Backstrom in neutral zone.
8:34 of 2nd period - Shot by Anthony Beauvillier.
8:34 of 2nd period - Shot Misses the Net.
8:52 of 2nd period - Shot by Dustin Brown.
8:52 of 2nd period - Shot Blocked by Vince Dunn.
9:51 of 2nd period - Shot by Chris Kreider.
9:51 of 2nd period - Shot Misses the Net.
10:10 of 2nd period - Shot by Bo Horvat.
10:10 of 2nd period - Stopped by Braden Holtby without a rebound.
10:11 of 2nd period - Evgeny Kuznetsov wins face-off versus Antoine Vermette in Canucks zone.
10:11 of 2nd period - Erik Karlsson is hit by Mike Cammalleri and loses puck.
10:34 of 2nd period - Minor Penalty to Brooks Orpik for Roughing.
10:35 of 2nd period - Evgeny Kuznetsov wins face-off versus Nicklas Backstrom in Devils zone.
11:40 of 2nd period - Alex Pietrangelo is hit by Eric Fehr and loses puck.
12:07 of 2nd period - Shot by Erik Karlsson.
12:07 of 2nd period - Shot Misses the Net.
12:13 of 2nd period - Shot by Erik Karlsson.
12:13 of 2nd period - Shot Misses the Net.
12:39 of 2nd period - Shot by Blake Coleman.
12:39 of 2nd period - Shot Blocked by Mike Cammalleri.
12:53 of 2nd period - Shot by Vince Dunn.
12:53 of 2nd period - Stopped by Marc-Andre Fleury with a rebound.
12:55 of 2nd period - Shot by Blake Coleman.
12:55 of 2nd period - Stopped by Marc-Andre Fleury without a rebound.
12:56 of 2nd period - Dustin Brown wins face-off versus Jared McCann in Devils zone.
13:14 of 2nd period - Shot by Bobby Ryan.
13:14 of 2nd period - Shot Misses the Net.
13:58 of 2nd period - Shot by Brandon Montour.
13:58 of 2nd period - Stopped by Marc-Andre Fleury without a rebound.
13:59 of 2nd period - Antoine Vermette wins face-off versus William Karlsson in Devils zone.
14:23 of 2nd period - Shot by Antoine Vermette.
14:23 of 2nd period - Shot Misses the Net.
14:25 of 2nd period - Shot by Brooks Orpik.
14:25 of 2nd period - Stopped by Braden Holtby without a rebound.
14:26 of 2nd period - Evgeny Kuznetsov wins face-off versus Jordan Staal in Canucks zone.
14:26 of 2nd period - Mike Hoffman is hit by Jordan Staal and loses puck.
14:32 of 2nd period - Icing by Brandon Montour.
14:33 of 2nd period - Evgeny Kuznetsov wins face-off versus Jordan Staal in Canucks zone.
14:33 of 2nd period - Brayden Point is hit by Jordan Staal.
14:39 of 2nd period - Shot by Mike Hoffman.
14:39 of 2nd period - Stopped by Marc-Andre Fleury without a rebound.
14:40 of 2nd period - Evgeny Kuznetsov wins face-off versus Bo Horvat in Devils zone.
15:38 of 2nd period - Icing by Tyson Barrie.
15:39 of 2nd period - Nicklas Backstrom wins face-off versus William Karlsson in Canucks zone.
15:39 of 2nd period - Dustin Brown is hit by Tyson Barrie.
15:46 of 2nd period - Off-side.
15:47 of 2nd period - Nicklas Backstrom wins face-off versus Blake Coleman in neutral zone.
16:18 of 2nd period - Erik Karlsson is hit by Justin Schultz.
16:41 of 2nd period - Minor Penalty to Nicklas Backstrom for Slashing.
16:42 of 2nd period - Eric Fehr wins face-off versus Evgeny Kuznetsov in Devils zone.
16:54 of 2nd period - Shot by Aaron Ekblad.
16:54 of 2nd period - Stopped by Marc-Andre Fleury without a rebound.
16:55 of 2nd period - Eric Fehr wins face-off versus Charlie Coyle in Devils zone.
17:03 of 2nd period - Icing by Aaron Ekblad.
17:04 of 2nd period - William Karlsson wins face-off versus Eric Fehr in Canucks zone.
17:09 of 2nd period - Shot by Chris Kreider.
17:09 of 2nd period - Stopped by Marc-Andre Fleury without a rebound.
17:10 of 2nd period - Eric Fehr wins face-off versus Evgeny Kuznetsov in Devils zone.
17:10 of 2nd period - Eric Fehr is hit by Evgeny Kuznetsov.
18:38 of 2nd period - Shot by Charlie Coyle.
18:38 of 2nd period - Shot Misses the Net.
18:40 of 2nd period - Shot by Charlie Coyle.
18:40 of 2nd period - Stopped by Marc-Andre Fleury without a rebound.
18:41 of 2nd period - Blake Coleman wins face-off versus Nicklas Backstrom in Devils zone.
18:44 of 2nd period - Shot by Anthony Beauvillier.
18:44 of 2nd period - Stopped by Marc-Andre Fleury without a rebound.
18:45 of 2nd period - Nicklas Backstrom wins face-off versus Blake Coleman in Devils zone.
18:58 of 2nd period - Shot by Brandon Montour.
18:58 of 2nd period - Shot Blocked by Nicklas Backstrom.
19:23 of 2nd period - Off-side.
19:24 of 2nd period - Bo Horvat wins face-off versus William Karlsson in neutral zone.
19:29 of 2nd period - Shot by Bo Horvat.
19:29 of 2nd period - Shot Misses the Net.
Goals for this period are 1 for Canucks vs 0 for Devils.
Shots for this period are 13 for Canucks vs 4 for Devils.

3rd period


0:01 of 3rd period - Nicklas Backstrom wins face-off versus Evgeny Kuznetsov in neutral zone.
1:15 of 3rd period - Shot by Chris Kreider.
1:15 of 3rd period - Shot Misses the Net.
1:29 of 3rd period - Shot by Alex Pietrangelo.
1:29 of 3rd period - Deflect By William Karlsson.
1:29 of 3rd period - Shot Misses the Net.
2:01 of 3rd period - Shot by Blake Coleman.
2:01 of 3rd period - Stopped by Marc-Andre Fleury without a rebound.
2:02 of 3rd period - Jared McCann wins face-off versus Antoine Vermette in Devils zone.
2:05 of 3rd period - Shot by Bobby Ryan.
2:05 of 3rd period - Deflect By Jared McCann.
2:05 of 3rd period - Goal by Jared McCann - Canucks : 4 - Devils : 4.
2:06 of 3rd period - Evgeny Kuznetsov wins face-off versus Eric Fehr in neutral zone.
2:21 of 3rd period - Icing by Erik Karlsson.
2:22 of 3rd period - Nicklas Backstrom wins face-off versus Evgeny Kuznetsov in Canucks zone.
2:25 of 3rd period - Shot by Dustin Brown.
2:25 of 3rd period - Stopped by Braden Holtby without a rebound.
2:26 of 3rd period - William Karlsson wins face-off versus Nicklas Backstrom in Canucks zone.
3:06 of 3rd period - Dustin Brown is hit by Charlie Coyle.
3:40 of 3rd period - Bo Horvat is hit by Mike Hoffman and loses puck.
5:09 of 3rd period - Shot by Antoine Vermette.
5:09 of 3rd period - Stopped by Braden Holtby with a rebound.
5:11 of 3rd period - Shot by Antoine Vermette.
5:11 of 3rd period - Stopped by Braden Holtby without a rebound.
5:12 of 3rd period - Nicklas Backstrom wins face-off versus Jared McCann in Canucks zone.
5:54 of 3rd period - Nicklas Backstrom is hit by Tyson Barrie and loses puck.
6:11 of 3rd period - Bo Horvat is hit by Tyson Barrie and loses puck.
7:00 of 3rd period - Shot by Chris Kreider.
7:00 of 3rd period - Shot Misses the Net.
7:14 of 3rd period - Shot by Charlie Coyle.
7:14 of 3rd period - Stopped by Marc-Andre Fleury without a rebound.
7:15 of 3rd period - Antoine Vermette wins face-off versus Blake Coleman in Devils zone.
7:19 of 3rd period - Off-side.
7:20 of 3rd period - Nicklas Backstrom wins face-off versus Evgeny Kuznetsov in neutral zone.
7:41 of 3rd period - Evgeny Kuznetsov is hit by Ryan Pulock and loses puck.
7:55 of 3rd period - Evgeny Kuznetsov is hit by Ryan Pulock and loses puck.
8:00 of 3rd period - Shot by Brayden Point.
8:00 of 3rd period - Shot Misses the Net.
8:36 of 3rd period - Anton Stralman is hit by Chris Kreider and loses puck.
8:50 of 3rd period - Darren Helm is hit by Vince Dunn.
9:30 of 3rd period - Shot by Blake Coleman.
9:30 of 3rd period - Stopped by Marc-Andre Fleury with a rebound.
9:32 of 3rd period - Shot by Blake Coleman.
9:32 of 3rd period - Shot Blocked by Tim Heed.
9:46 of 3rd period - Shot by Danton Heinen.
9:46 of 3rd period - Stopped by Marc-Andre Fleury without a rebound.
9:47 of 3rd period - Antoine Vermette wins face-off versus Evgeny Kuznetsov in Devils zone.
10:16 of 3rd period - Shot by Vinnie Hinostroza.
10:16 of 3rd period - Shot Blocked by Erik Karlsson.
10:18 of 3rd period - Shot by Mike Cammalleri.
10:18 of 3rd period - Stopped by Braden Holtby without a rebound.
10:19 of 3rd period - Jared McCann wins face-off versus Kevin Hayes in Canucks zone.
10:19 of 3rd period - Jared McCann is hit by Dustin Brown.
11:36 of 3rd period - Shot by Blake Coleman.
11:36 of 3rd period - Shot Misses the Net.
11:38 of 3rd period - Shot by Blake Coleman.
11:38 of 3rd period - Shot Blocked by Tim Heed.
12:17 of 3rd period - Off-side.
12:18 of 3rd period - William Karlsson wins face-off versus Antoine Vermette in neutral zone.
12:41 of 3rd period - Shot by Antoine Vermette.
12:41 of 3rd period - Shot Misses the Net.
13:09 of 3rd period - Shot by Pavel Zacha.
13:09 of 3rd period - Stopped by Braden Holtby without a rebound.
13:10 of 3rd period - Evgeny Kuznetsov wins face-off versus Nicklas Backstrom in Canucks zone.
13:15 of 3rd period - Shot by Brayden Point.
13:15 of 3rd period - Stopped by Marc-Andre Fleury without a rebound.
13:16 of 3rd period - Mike Hoffman wins face-off versus Nicklas Backstrom in Devils zone.
13:23 of 3rd period - Shot by Kevin Hayes.
13:23 of 3rd period - Stopped by Braden Holtby without a rebound.
13:24 of 3rd period - Evgeny Kuznetsov wins face-off versus Nicklas Backstrom in Canucks zone.
13:37 of 3rd period - Shot by Brayden Point.
13:37 of 3rd period - Stopped by Marc-Andre Fleury without a rebound.
13:38 of 3rd period - Bo Horvat wins face-off versus Blake Coleman in Devils zone.
13:38 of 3rd period - Bo Horvat is hit by Anthony Beauvillier.
13:58 of 3rd period - Anthony Beauvillier is hit by Darren Helm and loses puck.
14:25 of 3rd period - Shot by Mike Hoffman.
14:25 of 3rd period - Stopped by Marc-Andre Fleury without a rebound.
14:26 of 3rd period - Nicklas Backstrom wins face-off versus Evgeny Kuznetsov in Devils zone.
14:26 of 3rd period - Nicklas Backstrom is hit by Mike Hoffman.
14:27 of 3rd period - Minor Penalty to Evgeny Kuznetsov for Interference.
14:28 of 3rd period - Nicklas Backstrom wins face-off versus Tom Wilson in Canucks zone.
14:31 of 3rd period - Shot by Dustin Brown.
14:31 of 3rd period - Shot Misses the Net.
14:33 of 3rd period - Shot by Nicklas Backstrom.
14:33 of 3rd period - Shot Blocked by Alex Pietrangelo.
14:35 of 3rd period - Shot by Anton Stralman.
14:35 of 3rd period - Deflect By Dustin Brown.
14:35 of 3rd period - Stopped by Braden Holtby with a rebound.
14:37 of 3rd period - Shot by Kevin Hayes.
14:37 of 3rd period - Stopped by Braden Holtby without a rebound.
14:38 of 3rd period - Nicklas Backstrom wins face-off versus Blake Coleman in Canucks zone.
14:49 of 3rd period - Shot by Anton Stralman.
14:49 of 3rd period - Shot Blocked by Alex Pietrangelo.
14:51 of 3rd period - Shot by Anton Stralman.
14:51 of 3rd period - Shot Misses the Net.
14:53 of 3rd period - Shot by Anton Stralman.
14:53 of 3rd period - Stopped by Braden Holtby with a rebound.
14:55 of 3rd period - Shot by Nicklas Backstrom.
14:55 of 3rd period - Stopped by Braden Holtby without a rebound.
14:56 of 3rd period - Blake Coleman wins face-off versus Bo Horvat in Canucks zone.
15:19 of 3rd period - Shot by Bo Horvat.
15:19 of 3rd period - Stopped by Braden Holtby with a rebound.
15:21 of 3rd period - Shot by Darren Helm.
15:21 of 3rd period - Stopped by Braden Holtby without a rebound.
15:22 of 3rd period - Dustin Brown wins face-off versus Tom Wilson in Canucks zone.
15:46 of 3rd period - Icing by Anton Stralman.
15:47 of 3rd period - Blake Coleman wins face-off versus Nicklas Backstrom in Devils zone.
16:00 of 3rd period - Shot by Blake Coleman.
16:00 of 3rd period - Stopped by Marc-Andre Fleury without a rebound.
16:01 of 3rd period - Bo Horvat wins face-off versus Jared McCann in Devils zone.
16:20 of 3rd period - Shot by Darren Helm.
16:20 of 3rd period - Stopped by Braden Holtby without a rebound.
16:21 of 3rd period - Jared McCann wins face-off versus Nicklas Backstrom in Canucks zone.
16:42 of 3rd period - Shot by Eric Fehr.
16:42 of 3rd period - Stopped by Braden Holtby with a rebound.
16:46 of 3rd period - Shot by Jordan Staal.
16:46 of 3rd period - Shot Misses the Net.
16:48 of 3rd period - Shot by Jordan Staal.
16:48 of 3rd period - Shot Misses the Net.
16:50 of 3rd period - Shot by Eric Fehr.
16:50 of 3rd period - Shot Misses the Net.
17:38 of 3rd period - Icing by Brooks Orpik.
17:39 of 3rd period - Jordan Staal wins face-off versus Blake Coleman in Devils zone.
17:39 of 3rd period - Pavel Zacha is hit by Blake Coleman.
18:29 of 3rd period - Shot by Dustin Brown.
18:29 of 3rd period - Stopped by Braden Holtby without a rebound.
18:29 of 3rd period - Minor Penalty to Dustin Brown for Tripping.
18:29 of 3rd period - Minor Penalty to Brandon Montour for Tripping.
18:30 of 3rd period - Nicklas Backstrom wins face-off versus Evgeny Kuznetsov in Canucks zone.
18:39 of 3rd period - Shot by Nicklas Backstrom.
18:39 of 3rd period - Stopped by Braden Holtby with a rebound.
18:55 of 3rd period - Bo Horvat is hit by Erik Karlsson and loses puck.
19:10 of 3rd period - Shot by Evgeny Kuznetsov.
19:10 of 3rd period - Shot Misses the Net.
19:12 of 3rd period - Shot by Tyson Barrie.
19:12 of 3rd period - Shot Misses the Net.
19:14 of 3rd period - Shot by Tyson Barrie.
19:14 of 3rd period - Stopped by Marc-Andre Fleury without a rebound.
19:15 of 3rd period - William Karlsson wins face-off versus Antoine Vermette in Devils zone.
19:24 of 3rd period - Shot by Bo Horvat.
19:24 of 3rd period - Stopped by Braden Holtby without a rebound.
19:25 of 3rd period - William Karlsson wins face-off versus Antoine Vermette in Canucks zone.
19:34 of 3rd period - Shot by William Karlsson.
19:34 of 3rd period - Stopped by Marc-Andre Fleury without a rebound.
19:35 of 3rd period - Nicklas Backstrom wins face-off versus William Karlsson in Devils zone.
19:48 of 3rd period - Anton Stralman is hit by William Karlsson and loses puck.
19:59 of 3rd period - Shot by Aaron Ekblad.
19:59 of 3rd period - Stopped by Marc-Andre Fleury without a rebound.
Goals for this period are 1 for Canucks vs 0 for Devils.
Shots for this period are 12 for Canucks vs 17 for Devils.

Overtime #1


0:01 of 1st overtime period - Brayden Point wins face-off versus Bo Horvat in neutral zone.
0:27 of 1st overtime period - Shot by Brayden Point.
0:27 of 1st overtime period - Shot Misses the Net.
0:29 of 1st overtime period - Shot by Brayden Point.
0:29 of 1st overtime period - Stopped by Marc-Andre Fleury with a rebound.
1:07 of 1st overtime period - Shot by Chris Kreider.
1:07 of 1st overtime period - Shot Misses the Net.
1:09 of 1st overtime period - Shot by Chris Kreider.
1:09 of 1st overtime period - Goal by Chris Kreider - Canucks : 5 - Devils : 4.
Goals for this period are 1 for Canucks vs 0 for Devils.
Shots for this period are 2 for Canucks vs 0 for Devils.